 Dungeon Crawl Stone Soup version 0.17.2-1-ge4368a0 (webtiles) character file.

10206 Goblin1989 the Martial Artist (level 11, -8/99 HPs)
             Began as a White Draconian Monk on Oct 11, 2016.
             Was a Priest of Ru.
             Mangled by an orc knight
             ... wielding a +0 trident
              (17 damage)
             ... in a bailey.
             The game lasted 00:33:11 (9730 turns).

Goblin1989 the Martial Artist (DrMo)                Turns: 9730, Time: 00:33:11

Health: -8/99      AC: 10    Str: 21    XL:     11   Next: 33%
Magic:  9/9        EV: 18    Int: 11    God:    Ru [***...]
Gold:   593        SH:  0    Dex: 14    Spells: 1 memorised, 4 levels left

rFire  . . .     SeeInvis .       - Unarmed
rCold  + . .     Clarity  .     (armour unavailable)
rNeg   . . .     SustAt   .     (no shield)
rPois  .         Gourm    .     (helmet restricted)
rElec  .         Spirit   .     v - +2 cloak {MR+}
rCorr  .         Warding  .     (no gloves)
rMut   .         Stasis   .     (no boots)
MR     +....                    r - amulet of regeneration
Stlth  ..........               (no ring)
                                l - ring of wizardry

@: mighty, somewhat resistant to hostile enchantments, extremely unstealthy
A: breathe frost, unfitting armour, stinger 1, cold resistance 1, dopey 1, low
mp 1, robust 1, strong 1, cold-blooded, no stealth, hated by all, no hexes
magic, no poison magic, no translocations magic, AC +7
a: Breathe Frost, Draw Out Power, Renounce Religion


You were in a bailey.
You worshipped Ru.
Ru was most pleased with you.
You were not hungry.

You visited 1 branch of the dungeon, and saw 9 of its levels.
You also visited: Ossuary and Bailey.

You collected 593 gold pieces.

Inventory:

Armour
 v - a +2 cloak of magic resistance (worn)
Jewellery
 l - a ring of wizardry (left hand)
 r - an amulet of regeneration (around neck)
Wands
 f - a wand of cold (0)
 s - a wand of slowing (28)
 x - a wand of frost (28)
 y - a wand of polymorph (0)
Scrolls
 c - a scroll of enchant armour
 d - 2 scrolls of recharging
 g - a scroll of noise {!r}
 h - 2 scrolls of remove curse {@r2}
 B - a scroll of blinking
 T - a scroll of teleportation {@r4}
Potions
 e - a potion of magic
 i - 2 potions of brilliance
 j - 6 potions of curing {@q1}
 m - 4 potions of flight
 n - 3 potions of mutation {!q}
 t - a potion of poison {!q}
Comestibles
 a - 7 bread rations {@e1}
 b - 2 meat rations {@e2}
 o - 2 slices of pizza
 q - 5 fruits
 z - 10 royal jellies


   Skills:
 + Level 6.3 Fighting
 + Level 10.9 Dodging
 * Level 13.8 Unarmed Combat


You had 4 spell levels left.
You knew the following spells:

 Your Spells              Type           Power        Failure   Level  Hunger
H - Haste                 Chrm           #.......     100%        6    #######


Dungeon Overview and Level Annotations

Branches:
Dungeon (9/15)             Temple (0/1) D:5            Lair (0/8) D:8
    Orc: D:9-12

Altars:
Kikubaaqudgha
Makhleb
Okawaru
Qazlal
Ru
Trog
Vehumet
Xom

Shops:
D:7 }

Annotations:
D:7 exclusion: 2 doors


Innate Abilities, Weirdness & Mutations

You can breathe waves of freezing cold.
You can buffet flying creatures when you breathe cold.
Your icy white scales are hard (AC +7).
Your body does not fit into most forms of armour.
Your flesh is cold resistant.
You are cold-blooded and may be slowed by cold attacks.
You cannot be stealthy.
You are hated by all.
You cannot study or cast Hexes magic.
You cannot study or cast Poison magic.
You cannot study or cast Translocations magic.
Your tail ends in a poisonous barb.
You are dopey. (Int -2)
Your magical capacity is low (-10% MP).
You are robust (+10% HP).
Your muscles are strong. (Str +2)


Message History

You closely miss the orc knight.
Your tail-slap misses the orc knight.
The orc knight is lightly wounded.
The orc warrior misses you.
Unknown command.
You pummel the orc knight!!
The orc knight is heavily wounded.
The orc knight closely misses you.
You punch the orc knight!
The orc knight is heavily wounded.
The orc warrior misses you. The orc knight barely misses you.
You barely miss the orc knight.
The orc knight is heavily wounded.
You catch the helpless orc knight completely off-guard!
You pummel the orc knight!!
The orc knight is almost dead.
The orc warrior hits you from afar with a glaive.
* * * LOW HITPOINT WARNING * * *
You take 6 damage, and have 8/99 hp.
The orc knight hits you with a trident!
You die...

.........ਜਜ..ਜ∆∆∆ਜਜ.(.......
........(ਜooਜਜoo∩ਜਜ.)ਜਜ.....
........ਜਜoਜਜਜਜoਜਜਜਜ(ਜਜ........
........ਜਜ.∆)ਜ.o.ਜ)∆.ਜਜ........
.......(ਜਜ.ਜਜਜ.8.ਜਜਜ.ਜਜ........
........ਜਜ.∆)ਜ?.)ਜ)∆(ਜਜ........
.......(ਜਜ.ਜਜਜਜਜਜਜਜਜ)ਜਜ........
.........ਜ..ਜਜ)ਜ)ਜਜ..ਜ.........
.........ਜਜ..ਜ@ਜ∆ਜ..ਜਜ.........
..........ਜਜ.o.o...ਜਜ..........
..≈≈≈≈≈....ਜਜਜਜਜਜਜਜਜ....≈≈≈≈≈..
.≈≈ਜ.ਜ≈≈...(..ਜਜਜ......≈≈ਜ.ਜ≈≈.
.≈ਜਜ.ਜਜ≈...............≈ਜਜ.ਜਜ≈.
.≈ .^.o≈...............≈..^.)≈.
ਜਜoਜਜ≈...............≈ਜਜ.ਜਜ≈. ਜ
ਜ≈≈...............≈≈ਜ)ਜ≈≈.
≈≈≈.................≈≈≈≈≈..


You could see an orc knight (blind) and an orc warrior (frenzied).

Vanquished Creatures
  The ghost of Tobisume the Quickloader, a novice DsHu of Okawaru (Bailey)
  A hill giant (D:6)
  A cyclops (D:9)
  An elephant (D:8)
  Joseph (D:7)
  2 wraiths (Ossuary)
  A hungry ghost (D:5)
  6 humans (D:8)
  Menkaure (D:4)
  6 orc warriors
  A black bear (D:8)
  An ogre (D:5)
  2 sky beasts
  A boggart (Bailey)
  A phantom (D:8)
  A wasp (Bailey)
  A crocodile (D:8)
  2 centaurs (D:9)
  7 giant frogs
  2 scorpions
  9 killer bees
  6 wights
  3 crimson imps
  3 giant frog zombies
  A giant frog skeleton (D:6)
  Crazy Yiuf (D:5)
  2 orc priests
  A centaur skeleton (D:6)
  5 jellies
  6 worker ants
  Jessica (D:3)
  A hound (D:4)
  Terence (D:2)
  Natasha (D:3)
  3 orc wizards
  2 iguanas
  5 sheep
  A hound skeleton (D:4)
  A hound zombie (D:8)
  3 worker ant zombies
  Robin (D:2)
  10 adders
  3 shadow imps
  7 oozes
  An adder skeleton (D:5)
  2 adder zombies (Ossuary)
  A worm (D:2)
  19 orcs
  6 bats
  A giant cockroach (D:2)
  13 hobgoblins
  7 jackals
  4 quokkas
  A ball python (D:1)
  A ball python skeleton (Ossuary)
  8 giant geckos
  2 giant newts
  17 goblins
  A hobgoblin skeleton (Ossuary)
  A hobgoblin zombie (Ossuary)
  12 kobolds
  3 kobold zombies (Ossuary)
  An orc zombie (Ossuary)
  A quokka skeleton (D:8)
  4 rats
  A butterfly (D:5)
224 creatures vanquished.

Vanquished Creatures (others)
  An orc warrior (Bailey)
  A giant frog (D:9)
  An orc (D:6)
3 creatures vanquished.

Grand Total: 227 creatures vanquished

Notes
Turn   | Place    | Note
--------------------------------------------------------------
     0 | D:1      | Goblin1989 the Draconian Monk began the quest for the Orb.
     0 | D:1      | Reached XP level 1. HP: 19/19 MP: 1/1
   206 | D:1      | Reached XP level 2. HP: 24/26 MP: 2/2
  1172 | D:2      | Reached skill level 5 in Unarmed Combat
  1172 | D:2      | Reached XP level 3. HP: 19/31 MP: 3/3
  1580 | D:2      | Found a faded altar to an unknown god.
  1585 | D:2      | Noticed Robin
  1609 | D:2      | Killed Robin
  1907 | D:2      | Reached XP level 4. HP: 18/38 MP: 4/4
  2084 | D:2      | Noticed Terence
  2099 | D:2      | Killed Terence
  2103 | D:2      | Reached skill level 6 in Unarmed Combat
  2638 | D:3      | Noticed Jessica
  2640 | D:3      | Noticed Natasha
  2651 | D:3      | Killed Jessica
  2651 | D:3      | Reached XP level 5. HP: 34/45 MP: 5/5
  2662 | D:3      | Killed Natasha
  2899 | D:3      | Found a burning altar of Makhleb.
  2968 | D:3      | Reached skill level 7 in Unarmed Combat
  3507 | D:4      | Reached XP level 6. HP: 51/51 MP: 6/6
  3651 | D:4      | Found a bloodstained altar of Trog.
  3740 | D:4      | Got an ichor-stained war axe
  3741 | D:4      | Identified the +6 war axe "Wiwaerott" {flame, rN+ Str+7} (You found it on level 4 of the Dungeon)
  3783 | D:4      | Noticed Menkaure
  3788 | D:4      | Killed Menkaure
  3788 | D:4      | Reached skill level 8 in Unarmed Combat
  3968 | D:4      | Found an iron altar of Okawaru.
  3971 | D:4      | Found a sacrificial altar of Ru.
  3974 | D:4      | Found an ancient bone altar of Kikubaaqudgha.
  3988 | D:4      | Became a worshipper of Ru the Awakened
  4008 | D:4      | Gained mutation: You cannot be stealthy. [Ru sacrifice]
  4079 | D:4      | Your scales start taking on an icy white colour.
  4079 | D:4      | Gained mutation: Your flesh is cold resistant. [White Draconian growth]
  4079 | D:4      | Reached XP level 7. HP: 41/57 MP: 7/7
  4471 | D:5      | Entered Level 5 of the Dungeon
  4512 | D:5      | Reached skill level 9 in Unarmed Combat
  4843 | D:5      | Found a radiant altar of Vehumet.
  4844 | D:5      | Found a stormy altar of Qazlal.
  4880 | D:5      | Found a staircase to the Ecumenical Temple.
  4915 | D:5      | Noticed Crazy Yiuf
  4925 | D:5      | Killed Crazy Yiuf
  4925 | D:5      | Reached skill level 10 in Unarmed Combat
  4931 | D:5      | Got a brightly glowing mace
  4932 | D:5      | Identified the cursed +1 mace "Fuommarph" {drain, Dex+5} (You found it on level 5 of the Dungeon)
  5025 | D:5      | Gained mutation: You are dopey. (Int -2) [potion of mutation]
  5025 | D:5      | Gained mutation: Your magical capacity is low (-10% MP). [potion of mutation]
  5025 | D:5      | Gained mutation: Your tail ends in a poisonous barb. [potion of mutation]
  5026 | D:5      | Gained mutation: You are robust (+10% HP). [potion of mutation]
  5026 | D:5      | Gained mutation: Your muscles are strong. (Str +2) [potion of mutation]
  5096 | D:5      | Rekenzichi: nice loot from 5 lvls of D btw
  5107 | D:6      | Goblin1989: perhaps.
  5118 | D:6      | Reached XP level 8. HP: 14/69 MP: 7/7
  5481 | D:6      | Found a sand-covered staircase.
  5486 | Ossuary  | Entered an ossuary
  5609 | Ossuary  | Rekenzichi: oh, and easy ossuary vault
  5609 | Ossuary  | Rekenzichi: lucky char
  5609 | Ossuary  | Goblin1989: I might have missed it. Messages not seen
  5609 | Ossuary  | Rekenzichi: its not like rain of randarts, but still
  5609 | Ossuary  | Rekenzichi: solid start
  5609 | Ossuary  | Rekenzichi: and the luckiest thing, that you randomed not mottled colour
  5629 | Ossuary  | Reached skill level 11 in Unarmed Combat
  5845 | D:6      | Noticed a hill giant
  5848 | D:6      | Killed a hill giant
  5848 | D:6      | Reached skill level 12 in Unarmed Combat
  5848 | D:6      | Reached XP level 9. HP: 75/77 MP: 8/8
  5866 | D:6      | Found a shimmering altar of Xom.
  6019 | D:6      | Gained mutation: You are hated by all. [Ru sacrifice]
  6019 | D:6      | Reached * piety under Ru
  6019 | D:6      | Reached ** piety under Ru
  6307 | D:7      | Noticed Joseph
  6710 | D:7      | Killed Joseph
  6975 | D:7      | Found Kibbiom's Gadget Shoppe.
  7442 | D:8      | Reached skill level 10 in Dodging
  7442 | D:8      | Reached XP level 10. HP: 88/88 MP: 9/9
  7487 | D:8      | Reached skill level 13 in Unarmed Combat
  8022 | D:8      | Noticed an elephant
  8036 | D:8      | Killed an elephant
  8036 | D:8      | Reached skill level 5 in Fighting
  8270 | D:8      | Found a staircase to the Lair.
  8422 | D:8      | Reached XP level 11. HP: 93/96 MP: 9/9
  8425 | D:8      | Gained mutation: You cannot study or cast Poison magic. [Ru sacrifice]
  8425 | D:8      | Gained mutation: You cannot study or cast Hexes magic. [Ru sacrifice]
  8425 | D:8      | Gained mutation: You cannot study or cast Translocations magic. [Ru sacrifice]
  8425 | D:8      | Reached *** piety under Ru
  8715 | D:8      | Learned a level 6 spell: Haste
  9291 | D:9      | Found a flagged portal.
  9337 | Bailey   | Entered a bailey
  9435 | Bailey   | Noticed Tobisume's ghost (novice DsHu)
  9452 | Bailey   | Killed Tobisume's ghost
  9730 | Bailey   | Mangled by an orc knight

Action                   |  1- 3 |  4- 6 |  7- 9 | 10-12 || total
-------------------------+-------+-------+-------+-------++-------
Melee: Unarmed           |   165 |   174 |   226 |   357 ||   922
       War axe           |       |     2 |       |       ||     2
Invok: Sacrifice Stealth |       |     1 |       |       ||     1
       Sacrifice Love    |       |       |     1 |       ||     1
       Sacrifice Arcana  |       |       |       |     1 ||     1
 Abil: Breathe Frost     |       |       |     5 |     2 ||     7
Evoke: Wand              |       |       |     3 |     5 ||     8
  Use: Potion            |     1 |       |     5 |     2 ||     8
       Scroll            |       |       |    12 |     5 ||    17
 Stab: Sleeping          |     1 |     2 |       |       ||     3
       Invisible         |       |       |     3 |     6 ||     9
  Eat: Chunk             |     3 |     6 |    11 |     9 ||    29
       Meat ration       |       |       |     1 |       ||     1
       Royal jelly       |       |       |     1 |       ||     1
       Fruit             |       |       |     1 |     2 ||     3

Vault maps used:
D:1:      minmay_arrival_five_plusses, serial_bayou_crossing
D:2:      ecumenical_altar_2, minmay_cut_off, uniq_terence, uniq_robin
D:3:      nicolae_overflow_hidden_temple, st_stairs_5, minmay_misc_feat_chi,
          minmay_misc_feat_iff, uniq_natasha, uniq_jessica
D:4:      lemuel_doored_altar, grunt_temple_overflow_diamond, first_bread,
          uniq_menkaure
D:5:      grunt_temple_overflow_open, minmay_temple_entry_butterflies,
          minmay_splitting_lines, uniq_crazy_yiuf_cottage
D:6:      enter_ossuary_5, xom_teletrap_fun
D:7:      serial_shops, nicolae_shop_waterfront, kennysheep_generic_room_7,
          uniq_joseph
D:8:      david_lair_generic, hangedman_little_slice_of_home, minmay_ruffians
D:9:      david_orc_1_choice, enter_bailey_3
Ossuary:  ossuary_due_cavern
Bailey:   bailey_polearm_2, bailey
